 Dungeon Crawl Stone Soup version 0.29-a0-802-g34511f41fd (webtiles) character file.

Game seed: 1117578155256771050

58 buhh the Insei (level 4, -2/29 HPs)
             Began as an Octopode Transmuter on July 3, 2022.
             Slain by Terence
             ... wielding a +3 flail of holy wrath
              (9 damage)
             ... on level 2 of the Dungeon.
             The game lasted 00:02:11 (1965 turns).

buhh the Insei (Octopode Transmuter)                Turns: 1965, Time: 00:02:11

Health: -2/29      AC:  1    Str:  9    XL:     4   Next: 1%
Magic:  7/7        EV: 13    Int: 17    God:
Gold:   91         SH:  0    Dex: 12    Spells: 1/7 levels left

rFire   . . .      SeeInvis .     - Unarmed
rCold   . . .      Faith    .   (no shield)
rNeg    . . .      Spirit   .   (helmet currently unavailable)
rPois   .          Reflect  .   (no amulet)
rElec   .          Harm     .   (no ring)
rCorr   .          Rampage  .   (no ring)
Will    .....                   (no ring)
Stlth   +++.......              (no ring)
HPRegen 0.09/turn               (no ring)
MPRegen 0.10/turn               (no ring)
                                (no ring)
                                (no ring)

@: appendages (expiring)
A: tentacle spike 3, almost no armour, amphibious, 8 rings, camouflage 1,
gelatinous body 1, (nimble swimmer 1), tentacles
a: End Transformation


You were on level 2 of the Dungeon.
One of your tentacles had grown a beastly spike.
You visited 1 branch of the dungeon, and saw 2 of its levels.

You collected 91 gold pieces.

Inventory:

Missiles
 g - 2 poisoned darts
 h - 6 atropa-tipped darts
Scrolls
 a - a scroll of summoning {unknown}
 b - a scroll of enchant armour {unknown}
 c - 2 scrolls of teleportation {unknown}
 d - 2 scrolls of immolation {unknown}
 f - 2 scrolls of identify {unknown}
 i - a scroll of fog {unknown}
Potions
 e - a potion of curing {unknown}


   Skills:
 + Level 2.1 Fighting
 - Level 2.0 Dodging
 - Level 2.0 Stealth
 + Level 4.0 Unarmed Combat
 - Level 2.0 Spellcasting
 - Level 2.0 Transmutations


You had one spell level left.
You knew the following spells:

 Your Spells              Type           Power      Damage    Failure   Level
a - Beastly Appendage     Tmut           16%        N/A       9%          1
b - Wereblood             Tmut           8%         N/A       13%         2
c - Spider Form           Tmut/Pois      5%         N/A       36%         3

Your spell library contained the following spells:

 Spells                   Type           Power      Damage    Failure   Level
 Ice Form                 Ice/Tmut       5%         N/A       77%         4


Dungeon Overview and Level Annotations

Branches:
Dungeon (2/15) Zot: 10039

Altars:

Annotations:
D:2 Robin, Terence


Innate Abilities, Weirdness & Mutations

One of your tentacles has grown a beastly spike.
You cannot wear most types of armour.
You are amphibious.
You can wear up to eight rings at the same time.
Your skin changes colour to match your surroundings (Stealth+).
Your rubbery body absorbs attacks. (AC +1, EV +1)
((You are camouflaged when in or above water. (Stealth+)))
You have tentacles for arms and can constrict up to eight enemies at once.


Message History

Your Unarmed Combat skill increases to level 4!
No target in view!
Your tentacle spike disappears.
A giant cockroach comes into view.
A giant cockroach is nearby!
One of your tentacles grows a vicious spike.
You see here a scroll labelled HOYNU FODIFUL.
The helpless giant cockroach fails to defend itself.
You tentacle-slap the giant cockroach. You grab the giant cockroach.
You pierce the giant cockroach, but do no damage.
You tentacle-slap the giant cockroach. You squeeze the giant cockroach.
You kill the giant cockroach!
Your transformation is almost over.
You have reached level 4!
Your tentacle spike disappears.
i - a scroll labelled HOYNU FODIFUL Terence the Incautious comes into view.
He is wielding a +3 flail of holy wrath.
Terence is nearby!
One of your tentacles grows a vicious spike.
A goblin comes into view. It is wielding a +0 dagger.
Terence shouts!
Terence barely misses you.
The goblin moves out of view.
You tentacle-slap Terence but do no damage.
You grab Terence.
You pierce Terence, but do no damage.
Your squeeze misses Terence. You constrict Terence.
Terence hits you with a +3 flail of holy wrath!
You tentacle-slap Terence but do no damage.
You pierce Terence, but do no damage.
Terence is lightly wounded.
Your transformation is almost over.
You constrict Terence, but do no damage.
Terence hits you with a +3 flail of holy wrath!
* * * LOW HITPOINT WARNING * * *
You are too injured to fight recklessly!
You tentacle-slap Terence but do no damage.
You squeeze Terence.
Terence is moderately wounded.
You constrict Terence.
Terence hits you with a +3 flail of holy wrath!
You die...

#..........########.#
#......##..#### #
####..###........#
......# #.##..##.#
####..# #.##..##.#
..........##..##.# #
####.##.####..##.##.#
#.##......>......#
#.#######..##@####
#.. .....##@# ###
.....#.g. .###....#.
#. ....###. # ...# #.
.#.## #. .### ##


You could see Terence and a goblin.

Vanquished Creatures
  An adder (D:2)
  2 worms
  A dart slug (D:1)
  6 endoplasms
  3 giant cockroaches
  2 goblins (D:1)
  3 hobgoblins (D:1)
  5 kobolds (D:1)
  4 quokkas (D:1)
  4 ball pythons (D:1)
  3 bats
  5 rats
39 creatures vanquished.

Notes
Turn   | Place    | Note
-------+----------+-------------------------------------------
     0 | D:1      | buhh the Octopode Transmuter began the quest for the Orb.
     0 | D:1      | Reached XP level 1. HP: 13/13 MP: 3/3
   384 | D:1      | Reached XP level 2. HP: 18/18 MP: 3/5
   627 | D:1      | Found a faded altar of an unknown god.
   825 | D:1      | Reached XP level 3. HP: 17/23 MP: 4/6
  1335 | D:2      | Noticed Robin
  1670 | D:2      | Learned a level 2 spell: Wereblood
  1674 | D:2      | Learned a level 3 spell: Spider Form
  1820 | D:2      | Reached skill level 4 in Unarmed Combat
  1933 | D:2      | Reached XP level 4. HP: 29/29 MP: 5/7
  1955 | D:2      | Noticed Terence
  1965 | D:2      | Slain by Terence

Illustrated notes

Levels and vault maps discovered:
D:1:      dpeg_arrival_tiny_g, layout_loops_corners,
          chequers_ecumenical_altar_grove, minmay_tiny_reverse_x
D:2:      layout_loops_ring, nicolae_figureground_pulse, uniq_jessica,
          uniq_robin, uniq_terence

Skill      XL: |  1  2  3 |
---------------+----------+-----
Stealth        | 1 2 |  2.0
Fighting       | 2 |  2.1
Unarmed Combat | 4 |  4.0
Dodging        | |  2.0
Spellcasting   | |  2.0
Transmutations | |  2.0

Action                   |  1- 3 |  4- 6 || total
-------------------------+-------+-------++-------
Melee: Unarmed           |    76 |     3 ||    79
       Constrict         |    18 |     1 ||    19
       Kick              |    21 |     2 ||    23
       Tentacles         |    16 |     1 ||    17
       Punch             |     2 |       ||     2
 Cast: Beastly Appendage |    26 |     1 ||    27
  Use: Potion            |     1 |       ||     1
 Stab: Sleeping          |     7 |       ||     7
Armor: Skin              |    11 |       ||    11
Dodge: Dodged            |    44 |     1 ||    45

Table legend: (Time is in decaauts)
 A = Elapsed time spent in this place.
 B = Non-inter-level travel time spent in this place.
 C = Inter-level travel time spent in this place.
 D = Time resting spent in this place.
 E = Time spent auto-exploring this place.
 F = Levels seen in this place.
 G = Mean time per level.
                   A        B        C        D        E       F      G
               +--------+--------+--------+--------+--------+-----+--------+
         Total |   1959 |   1876 |     83 |    278 |   1345 |   2 |  979.5 |
       Dungeon |   1959 |   1876 |     83 |    278 |   1345 |   2 |  979.5 |
               +--------+--------+--------+--------+--------+-----+--------+

Top non-repeatable levels by time:
     D:1: 1647 daAuts
     D:2: 312 daAuts
